 Dungeon Crawl Stone Soup version 0.30-a0-451-ge042605de7 (webtiles) character file.

Game seed: 12167487556720645365

504 avis the Chiller (level 6, -2/51 HPs)
             Began as a Demigod Ice Elementalist on Dec 11, 2022.
             Slain by a wraith (9 damage)
             ... on level 5 of the Dungeon.
             The game lasted 00:33:00 (6460 turns).

avis the Chiller (Demigod Ice Elementalist)         Turns: 6460, Time: 00:33:00

Health: -2/51      AC:  7    Str:  9    XL:     6   Next: 63%
Magic:  7/13       EV: 12    Int: 17    God:
Gold:   251        SH:  0    Dex: 22    Spells: 4/11 levels left

rFire   . . .      SeeInvis .    a - +0 rapier
rCold   . . .      Faith    .    (no shield)
rNeg    . . .      Spirit   .    x - +2 leather armour {rPois}
rPois   +          Reflect  .    (no helmet)
rElec   .          Harm     .    (no cloak)
rCorr   .          Rampage  .    B - +1 pair of gloves
Will    .....                    (no boots)
Stlth   ++........               (no amulet)
HPRegen 0.28/turn                (no ring)
MPRegen 0.13/turn                (no ring)

@: slowed, very slow
A: high MP 1, forlorn, divine attributes
a: no special abilities


You were on level 5 of the Dungeon.
You visited 1 branch of the dungeon, and saw 5 of its levels.

You collected 251 gold pieces.

Inventory:

Hand Weapons
 a - a +0 rapier (weapon)
 b - a +0 sling
 k - a +0 dagger
 u - a +1 dagger of draining
 w - a +0 dagger of flaming
 z - a +2 dagger of pain
Missiles
 y - 2 poisoned darts
Armour
 f - a +0 robe
 j - an orb of guile
 x - a +2 leather armour of poison resistance (worn)
 B - a +1 pair of gloves (worn)
Jewellery
 p - a ring of poison resistance
Wands
 n - a wand of flame (23)
Scrolls
 e - 2 scrolls of blinking {unknown}
 g - a scroll of fog {unknown}
 h - 2 scrolls of identify {unknown}
 o - 2 scrolls of immolation {unknown}
 s - a scroll of torment {unknown}
 t - a scroll of amnesia {unknown}
 A - a scroll of noise {unknown}
Potions
 d - 3 potions of heal wounds {unknown}
 i - a potion of magic
 l - a potion of ambrosia {unknown}
 m - a potion of degeneration {unknown}
 q - a potion of attraction {unknown}
 r - 2 potions of lignification {unknown}
 v - a potion of mutation {unknown}


   Skills:
 * Level 3.4 Fighting
 - Level 2.0 Ranged Weapons
 - Level 2.0 Armour
 - Level 2.0 Dodging
 - Level 2.0 Stealth
 - Level 3.0 Spellcasting
 - Level 5.0 Ice Magic


You had 4 spell levels left.
You knew the following spells:

 Your Spells              Type           Power      Damage    Failure   Level
a - Freeze                Ice            76%        1d8       3%          1
o - Ozocubu's Armour      Ice            19%        N/A       9%          3
r - Frozen Ramparts       Ice            38%        1d6       9%          3

Your spell library contained the following spells:

 Spells                   Type           Power      Damage    Failure   Level
 Ensorcelled Hibernation  Hex/Ice        22%        N/A       13%         2
 Shock                    Conj/Air       8%         1d3       24%         1
 Static Discharge         Conj/Air       4%         2-3/arc   34%         2
 Spider Form              Tmut/Pois      2%         N/A       56%         3
 Swiftness                Air            2%         N/A       56%         3
 Vhi's Electric Charge    Tloc/Air       4%         N/A       56%         3
 Summon Ice Beast         Ice/Summ       11%        N/A       63%         4
 Airstrike                Air            1%         2d(1-17)  93%         4
 Anguish                  Hex/Necr       1%         N/A       93%         4
 Arcjolt                  Conj/Air       1%         1d11      100%        5
 Lightning Bolt           Conj/Air       1%         1d12      100%        5


Dungeon Overview and Level Annotations

Branches:
Dungeon (5/15)
 Temple: D:4-7

Annotations:
D:3 2 runed translucent doors, AigisTheKnight's ghost, amateur GrEE


Innate Abilities, Weirdness & Mutations

You have an increased reservoir of magic. (+10% MP)
You shall have no god before yourself.
Your divine heritage dramatically boosts your attributes as you level up.


Message History

Your icy armour cracks and falls away as you move.
The frozen ramparts melt away as you move.
Training target 3.0 for Fighting reached!
Your Fighting skill increases to level 3!
You need to enable at least one skill for training.
You hit the phantom.
The phantom is lightly damaged.
The phantom hits you but does no damage.
The phantom hits you.
* * * LOW HITPOINT WARNING * * *
The phantom blinks!
You blink.
You hit the phantom.
The phantom is moderately damaged.
The phantom closely misses you.
You hit the wraith.
The wraith is moderately damaged.
The phantom hits you.
* * * LOW HITPOINT WARNING * * *
The wraith hits you.
* * * LOW HITPOINT WARNING * * *
The wraith drains your vigour!
You feel as though you will be slow longer.
The wraith hits you.
* * * LOW HITPOINT WARNING * * *
The wraith drains your vigour!
You feel as though you will be slow longer.
The phantom hits you but does no damage.
You feel better. The phantom hits you. The wraith closely misses you.
The phantom hits you but does no damage.
The wraith hits you.
* * * LOW HITPOINT WARNING * * *
The wraith drains your vigour!
You feel as though you will be slow longer.
The phantom hits you.
* * * LOW HITPOINT WARNING * * *
The phantom barely misses you. The wraith closely misses you.
The phantom hits you but does no damage.
The phantom attacks as you move away! The phantom completely misses you.
The wraith attacks as you move away! The wraith hits you!
You die...

###########
######.........####
##....'......!..'..
#...####)..../...#
#.# #.....W@..# #.#
#.....W...# ##.####
#.........#
##.....#
###########
#......###
..<......#
.##......#
.........####
#####........


You could see a wraith and a phantom.

Vanquished Creatures
  A black bear (D:4)
  An ogre (D:5)
  A hound (D:5)
  An orc priest (D:5)
  Ijyb (D:3)
  An iguana (D:4)
  An orc wizard (D:5)
  9 adders
  A worm (D:1)
  2 dart slugs
  5 orcs
  4 ball pythons
  6 bats
  6 endoplasms
  2 giant cockroaches (D:3)
  17 goblins
  7 hobgoblins
  10 jackals
  11 kobolds
  4 quokkas
  4 frilled lizards
  3 rats
98 creatures vanquished.

Notes
Turn   | Place    | Note
-------+----------+-------------------------------------------
     0 | D:1      | avis the Demigod Ice Elementalist began the quest for the
                  | Orb.
     0 | D:1      | Reached XP level 1. HP: 14/14 MP: 5/5
   206 | D:1      | Reached skill level 4 in Ice Magic
   334 | D:1      | Reached XP level 2. HP: 20/20 MP: 4/7
   708 | D:1      | Reached skill level 1 in Fighting
  1302 | D:1      | Reached XP level 3. HP: 20/28 MP: 2/9
  1365 | D:1      | Learned a level 3 spell: Frozen Ramparts
  1419 | D:2      | Learned a level 3 spell: Ozocubu's Armour
  3815 | D:3      | Reached XP level 4. HP: 36/36 MP: 3/10
  4398 | D:3      | Found a large runed translucent door.
  4398 | D:3      | Found a large runed translucent door.
  4401 | D:3      | Noticed AigisTheKnight's ghost (amateur GrEE)
  4702 | D:3      | Noticed Ijyb
  4731 | D:3      | Killed Ijyb
  4732 | D:3      | Reached skill level 5 in Ice Magic
  4732 | D:3      | Reached XP level 5. HP: 20/41 MP: 6/12
  5399 | D:4      | Reached skill level 1 in Ranged Weapons
  5579 | D:4      | Noticed a black bear
  5588 | D:4      | Killed a black bear
  5589 | D:4      | Reached skill level 1 in Armour
  5589 | D:4      | Reached XP level 6. HP: 31/48 MP: 7/13
  6274 | D:5      | Entered Level 5 of the Dungeon
  6441 | D:5      | Noticed a wraith
  6460 | D:5      | Slain by a wraith

Illustrated notes

Levels and vault maps discovered:
D:1:      dpeg_arrival_tiny_k, layout_basic
D:2:      minmay_chambers_of_ones, layout_basic, minmay_close_crescents
D:3:      kennysheep_goblin_castle, layout_loops_ring,
          ebering_ghost_disaster_area, nrook_mini_vaults, nicolae_titane,
          uniq_ijyb
D:4:      layout_basic
D:5:      layout_basic

Skill      XL: |  1  2  3  4  5  6 |
---------------+-------------------+-----
Ice Magic      | 4 5 |  5.0
Spellcasting   | 2 3 |  3.0
Fighting       | 1 2 3 |  3.4
Ranged Weapons | 2 |  2.0
Dodging        | 2 |  2.0
Stealth        | 2 |  2.0
Armour         | 1 2 |  2.0

Action                   |  1- 3 |  4- 6 || total
-------------------------+-------+-------++-------
Melee: Dagger            |    22 |       ||    22
       Rapier            |    20 |    49 ||    69
 Fire: Sling             |    11 |    75 ||    86
 Cast: Freeze            |    33 |     3 ||    36
       Frozen Ramparts   |    18 |    25 ||    43
       Ozocubu's Armour  |    11 |    11 ||    22
  Use: Potion            |       |     4 ||     4
 Stab: Sleeping          |     2 |     2 ||     4
Armor: Robe              |    13 |    26 ||    39
       Leather armour    |       |    22 ||    22
Dodge: Dodged            |    46 |    61 ||   107

Table legend: (Time is in decaauts)
 A = Elapsed time spent in this place.
 B = Non-inter-level travel time spent in this place.
 C = Inter-level travel time spent in this place.
 D = Time resting spent in this place.
 E = Time spent auto-exploring this place.
 F = Levels seen in this place.
 G = Mean time per level.
                   A        B        C        D        E       F      G
               +--------+--------+--------+--------+--------+-----+--------+
         Total |   6516 |   6014 |    502 |   2319 |   2661 |   5 | 1303.2 |
       Dungeon |   6516 |   6014 |    502 |   2319 |   2661 |   5 | 1303.2 |
               +--------+--------+--------+--------+--------+-----+--------+

Top non-repeatable levels by time:
     D:2: 2065 daAuts
     D:1: 1751 daAuts
     D:3: 1415 daAuts
     D:4: 1128 daAuts
     D:5: 155 daAuts
